 Dungeon Crawl Stone Soup version 0.28-a0-1184-g53156a8862 (webtiles) character file.

Game seed: 18336292551218978772

15477 leviel the Severer (level 12, -23/107 HPs)
             Began as a Hill Orc Fighter on Dec 18, 2021.
             Was a Priest of the Shining One.
             Annihilated by a very large slime creature (36 damage)
             ... on level 13 of the Dungeon.
             The game lasted 00:19:45 (9531 turns).

leviel the Severer (Hill Orc Fighter)               Turns: 9531, Time: 00:19:46

Health: -23/107    AC: 21    Str: 30    XL:     12   Next: 27%
Magic:  17/19      EV:  8    Int:  8    God:    the Shining One [***...]
Gold:   638        SH: 17    Dex: 10    Spells: 11/11 levels left

rFire   . . .      SeeInvis .   a - +0 war axe
rCold   . . .      Faith    .   c - +1 buckler
rNeg    + . .      Spirit   .   x - +0 plate armour
rPois   .          Reflect  .   (no helmet)
rElec   .          Harm     .   (no cloak)
rCorr   .          Rampage  +   (no gloves)
Will    .....                   j - +2 pair of boots {rampage}
Stlth   ..........              f - amulet of regeneration
HPRegen 1.07/turn               h - +6 ring of strength
MPRegen 0.16/turn               q - +4 ring of protection

@: divinely shielded, glowing
A: no striking features
a: Renounce Religion, Divine Shield, Cleansing Flame


You were on level 13 of the Dungeon.
You worshipped the Shining One.
The Shining One was most pleased with you.
You visited 1 branch of the dungeon, and saw 13 of its levels.

You collected 638 gold pieces.

Inventory:

Hand Weapons
 a - a +0 war axe (weapon)
Missiles
 d - 4 throwing nets
 e - a curare-tipped dart
Armour
 c - a +1 buckler (worn)
 j - a +2 pair of boots of rampaging (worn)
 x - a +0 plate armour (worn)
Jewellery
 b - an amulet of reflection
 f - an amulet of regeneration (around neck)
 h - a +6 ring of strength (left hand)
 q - a +4 ring of protection (right hand)
 u - an amulet of reflection
 w - a ring of protection from fire
 B - a +4 ring of evasion
 C - a ring of protection from cold
Wands
 m - a wand of digging (1)
 t - a wand of polymorph (1)
Scrolls
 i - a scroll of blinking
 l - 6 scrolls of identify {@r1}
 n - a scroll of holy word
 o - 4 scrolls of teleportation
 y - a scroll of silence
Potions
 g - 2 potions of invisibility
 k - a potion of degeneration
 p - a potion of attraction {unknown}
 r - a potion of mutation {unknown}
 s - 3 potions of heal wounds
 z - a potion of lignification {unknown}
 A - a potion of resistance {unknown}


   Skills:
 + Level 10.5 Fighting
 * Level 15.2 Axes
 + Level 9.7 Armour
 + Level 9.2 Shields
 + Level 9.7 Invocations


You had 11 spell levels left.
You didn't know any spells.
Your spell library contained the following spells:

 Spells                   Type           Power      Damage    Failure   Level
 Animate Skeleton         Necr           0%         N/A       97%         1
 Pain                     Necr           0%         1d4       97%         1
 Sublimation of Blood     Necr           0%         N/A       99%         2
 Wereblood                Tmut           0%         N/A       99%         2
 Conjure Flame            Conj/Fire      0%         6-21      100%        3
 Dazzling Flash           Conj/Hex       0%         N/A       100%        3
 Ignite Poison            Fire/Tmut/Pois 0%         N/A       100%        3
 Vampiric Draining        Necr           0%         2d6       100%        3
 Iskenderun's Mystic Bla  Conj/Tloc      0%         2d3       100%        4
 Sticky Flame             Conj/Fire      0%         2d3       100%        4
 Summon Ice Beast         Ice/Summ       0%         N/A       100%        4
 Summon Mana Viper        Hex/Summ       0%         N/A       100%        5
 Starburst                Conj/Fire      0%         6d3       100%        6
 Monstrous Menagerie      Summ           0%         N/A       100%        7
 Summon Hydra             Summ           0%         N/A       100%        7


Dungeon Overview and Level Annotations

Branches:
Dungeon (14/15)            Temple (0/1) D:4            Lair (0/6) D:9
    Orc (0/2) D:11
 Vaults: D:13-14

Altars:
Dithmenos
Elyvilon
Fedhas
Gozag
Kikubaaqudgha
Makhleb
Nemelex Xobeh
Sif Muna
Trog
Uskayaw
Wu Jian
Xom
Yredelemnul
Zin
The Shining One

Shops:
D:3 =   D:4 [   D:7 *

Annotations:
D:3 3 runed translucent doors, SirFunk's ghost, amateur DjWz
D:8 2 transporters, Redcow54321's ghost, novice TrFi


Message History

The very large slime creature is moderately wounded.
The very large slime creature closely misses you.
You slash the very large slime creature!
The very large slime creature is moderately wounded.
You hit the very large slime creature but do no damage.
The very large slime creature is moderately wounded.
The very large slime creature closely misses you.
You hit the very large slime creature.
The very large slime creature is moderately wounded.
The very large slime creature hits you!
You slice the very large slime creature!!
The very large slime creature is heavily wounded.
The very large slime creature hits you.
You slice the very large slime creature!!
The very large slime creature is heavily wounded.
Your shield is strengthened by the Shining One's divine power.
The very large slime creature hits you!!
You hit the very large slime creature but do no damage.
The very large slime creature is heavily wounded.
You block the very large slime creature's attack.
You slice the very large slime creature!!
The very large slime creature is severely wounded.
The very large slime creature hits you but does no damage.
You slash the very large slime creature!
The very large slime creature is severely wounded.
The very large slime creature hits you!!!
* * * LOW HITPOINT WARNING * * *
You slash the very large slime creature!
The very large slime creature is almost dead.
You slash the very large slime creature!
The very large slime creature is almost dead.
You block the very large slime creature's attack.
You hit the very large slime creature.
The very large slime creature is almost dead.
The very large slime creature hits you.
* * * LOW HITPOINT WARNING * * *
You slash the very large slime creature!
The very large slime creature is almost dead.
The very large slime creature hits you!!!
You die...

# ##. .... .....
......############.#
.....$J@.........<.#
......####.#.#######
..... #.#.# ....
#.#†# ### #.#.#
#.#.# #.#.## ##....#
#####.....###


You could see a very large slime creature.

Vanquished Creatures
  Harold (D:10)
  2 boulder beetles
  2 centaur warriors
  2 skeletal warriors (D:14)
  5 ugly things
  A moth of wrath (D:14)
  Maurice (D:10)
  A komodo dragon (D:13)
  A troll (D:10)
  3 slime creatures (D:13)
  A shadow (D:7)
  A water elemental (D:14)
  3 wraiths
  2 wyverns
  4 yaks (D:8)
  A steam dragon (D:7)
  2 vampire mosquitoes (D:8)
  Edmund (D:4)
  A water moccasin (D:8)
  2 black bears
  5 orc warriors
  An ice beast (D:7)
  A sky beast (D:6)
  5 ogres
  A necrophage (D:5)
  A hornet zombie (D:7)
  A tengu (shapeshifter) (D:14)
  6 centaurs
  A phantom (D:6)
  A kobold brigand (D:10)
  3 bullfrogs
  A scorpion (D:5)
  4 killer bees (D:8)
  12 wights
  An electric eel (D:14)
  A howler monkey (D:9)
  3 crimson imps (D:7)
  7 centaur zombies
  3 orc priests
  6 hounds
  A jelly (D:5)
  3 iguanas
  12 orc wizards
  2 howler monkey zombies
  3 gnolls (D:4)
  7 adders
  An ufetubus (D:6)
  An adder zombie (D:5)
  2 adder skeletons (D:4)
  5 worms
  3 dart slugs
  43 orcs
  5 endoplasms
  2 giant cockroaches
  11 goblins
  9 hobgoblins
  11 kobolds
  3 quokkas
  4 ball pythons
  6 bats
  2 frilled lizards (D:3)
  7 rats
244 creatures vanquished.

Vanquished Creatures (collateral kills)
  A fire dragon (D:11)
  A troll (D:11)
  2 orcs (D:11)
4 creatures vanquished.

Vanquished Creatures (others)
  An orc priest (D:10)
  3 plants (D:14)
4 creatures vanquished.

Grand Total: 252 creatures vanquished

Notes
Turn   | Place    | Note
-------+----------+-------------------------------------------
     0 | D:1      | leviel the Hill Orc Fighter began the quest for the Orb.
     0 | D:1      | Reached XP level 1. HP: 19/19 MP: 1/1
   250 | D:1      | Reached XP level 2. HP: 26/27 MP: 2/2
   307 | D:1      | Found a faded altar of an unknown god.
   312 | D:1      | Reached skill level 3 in Axes
   317 | D:1      | Prayed at the altar of an unknown god.
   317 | D:1      | Became a worshipper of Uskayaw the Reveller
   317 | D:1      | Reached * piety under Uskayaw
   849 | D:1      | Reached XP level 3. HP: 27/33 MP: 3/3
  1370 | D:2      | Reached ** piety under Uskayaw
  2033 | D:3      | Found Kam Des's Jewellery Boutique.
  2039 | D:3      | Reached XP level 4. HP: 34/40 MP: 4/4
  2096 | D:3      | Reached skill level 4 in Axes
  2247 | D:3      | Reached *** piety under Uskayaw
  2318 | D:3      | Reached XP level 5. HP: 44/47 MP: 5/5
  2376 | D:3      | Found a shimmering blue altar of Sif Muna.
  2404 | D:3      | Found a runed translucent gate.
  2406 | D:3      | Found a runed translucent gate.
  2407 | D:3      | Found a runed translucent gate.
  2410 | D:3      | Noticed SirFunk's ghost (amateur DjWz)
  2580 | D:3      | Found a burning altar of Makhleb.
  2690 | D:4      | Noticed Edmund
  2698 | D:4      | Killed Edmund
  2699 | D:4      | Reached skill level 5 in Fighting
  2699 | D:4      | Reached skill level 5 in Axes
  2699 | D:4      | Reached XP level 6. HP: 26/56 MP: 6/6
  2734 | D:4      | Found a glowing golden altar of the Shining One.
  2791 | D:4      | Fell from the grace of Uskayaw
  2791 | D:4      | Became a worshipper of the Shining One
  2828 | D:4      | Found Gucehash's Antique Armour Shop.
  2846 | D:4      | Found a white marble altar of Elyvilon.
  2879 | D:4      | Reached skill level 6 in Axes
  2912 | D:4      | Identified the +4 robe of Herinu {*Corrode rPois Stlth+}
  2998 | D:4      | Found a staircase to the Ecumenical Temple.
  3114 | D:4      | Reached skill level 5 in Armour
  3114 | D:4      | Reached skill level 1 in Invocations
  3114 | D:4      | Reached XP level 7. HP: 51/61 MP: 7/7
  3333 | D:4      | Reached skill level 7 in Axes
  3734 | D:5      | Entered Level 5 of the Dungeon
  3782 | D:5      | Reached XP level 8. HP: 16/70 MP: 9/9
  3892 | D:5      | Reached skill level 8 in Axes
  3892 | D:5      | Reached skill level 5 in Shields
  3962 | D:5      | Found a blossoming altar of Fedhas.
  3965 | D:5      | Found a glowing silver altar of Zin.
  3969 | D:5      | Found an ancient bone altar of Kikubaaqudgha.
  4023 | D:5      | Noticed a wyvern
  4038 | D:5      | Killed a wyvern
  4109 | D:5      | Reached * piety under the Shining One
  4398 | D:6      | Reached skill level 9 in Axes
  4401 | D:6      | Paralysed by the fury of Uskayaw for 4 turns
  4413 | D:6      | Reached XP level 9. HP: 71/78 MP: 12/12
  5050 | D:7      | Found a shadowy altar of Dithmenos.
  5272 | D:7      | Reached skill level 5 in Invocations
  5275 | D:7      | Reached skill level 10 in Axes
  5302 | D:7      | Identified the +5 ring mail of Cowardice {rC+ Stlth+}
  5423 | D:7      | Found an opulent altar of Gozag.
  5485 | D:7      | Found Iwamoqab's Neck Hole.
  5593 | D:7      | Reached ** piety under the Shining One
  5847 | D:7      | Found a shimmering altar of Xom.
  6130 | D:8      | Reached skill level 11 in Axes
  6146 | D:8      | Reached XP level 10. HP: 77/88 MP: 14/14
  6395 | D:8      | Reached *** piety under the Shining One
  6397 | D:8      | Paralysed by the fury of Uskayaw for 6 turns
  6397 | D:8      | Was forgiven by Uskayaw
  6513 | D:8      | Found a transporter.
  6513 | D:8      | Noticed a two-headed ogre
  6516 | D:8      | Noticed Redcow54321's ghost (novice TrFi)
  6523 | D:8      | Found a transporter.
  6763 | D:8      | Reached skill level 12 in Axes
  7005 | D:8      | Found a basalt altar of Yredelemnul.
  7341 | D:9      | Found a staircase to the Lair.
  7369 | D:9      | Found an ornate altar of the Wu Jian Council.
  7451 | D:9      | Found a sparkling altar of Nemelex Xobeh.
  7818 | D:10     | Entered Level 10 of the Dungeon
  7962 | D:10     | Noticed Maurice
  8031 | D:10     | Killed Maurice
  8032 | D:10     | Reached skill level 13 in Axes
  8032 | D:10     | Reached XP level 11. HP: 70/97 MP: 6/16
  8174 | D:10     | Noticed Harold
  8187 | D:10     | Killed Harold
  8411 | D:10     | Found a transporter.
  8412 | D:10     | Found a transporter.
  8412 | D:10     | Noticed a boulder beetle
  8430 | D:10     | Killed a boulder beetle
  8496 | D:11     | Noticed a cyan ugly thing
  8507 | D:11     | Killed a cyan ugly thing
  8572 | D:11     | Found a staircase to the Orcish Mines.
  8607 | D:11     | Noticed a six-headed hydra
  8609 | D:11     | Noticed a fire dragon
  8609 | D:11     | a six-headed hydra changed into a fire dragon
  8620 | D:11     | Killed a fire dragon
  8785 | D:11     | You fall into a shaft and drop 3 floors!
  8800 | D:14     | Noticed a skeletal warrior
  8839 | D:14     | Killed a skeletal warrior
  8857 | D:14     | Noticed a skeletal warrior
  8881 | D:14     | Reached skill level 14 in Axes
  8889 | D:14     | Killed a skeletal warrior
  9008 | D:14     | Noticed a moth of wrath
  9010 | D:14     | Found a bloodstained altar of Trog.
  9043 | D:14     | Killed a moth of wrath
  9044 | D:14     | Reached skill level 10 in Fighting
  9094 | D:14     | Noticed a centaur warrior
  9109 | D:14     | Killed a centaur warrior
  9172 | D:14     | Noticed a brown ugly thing
  9172 | D:14     | Noticed a brown ugly thing
  9172 | D:14     | Noticed a brown ugly thing
  9173 | D:14     | Noticed a brown ugly thing
  9181 | D:14     | Killed a brown ugly thing
  9187 | D:14     | Killed a white ugly thing
  9198 | D:14     | Killed a brown ugly thing
  9217 | D:14     | Killed a purple ugly thing
  9218 | D:14     | Reached XP level 12. HP: 46/106 MP: 13/19
  9240 | D:14     | Noticed a boulder beetle
  9304 | D:13     | Noticed a boulder beetle
  9327 | D:13     | Killed a boulder beetle
  9327 | D:13     | Noticed a centaur warrior
  9341 | D:13     | Killed a centaur warrior
  9342 | D:13     | Reached skill level 15 in Axes
  9531 | D:13     | Annihilated by a very large slime creature

Illustrated notes

Levels and vault maps discovered:
D:1:      lemuel_arrival_broad_hall, layout_loops_corners,
          ebering_ecumenical_altar_abandoned, minmay_crystal_room,
          kennysheep_flooded_box
D:2:      layout_loops_ring, minmay_misc_feat_encased, roderic_lattice_a
D:3:      layout_basic, mainiacjoe_overflow_concentric_impassable,
          mainiacjoe_overflow_small_starburst, ebering_ghost_rock_garden,
          serial_shops, shop, minmay_pentomino_pile
D:4:      layout_cave_pods, mainiacjoe_overflow_alcove_1,
          nicolae_overflow_crystal_walls, temple_pool_b, serial_shops,
          nicolae_shop_trees, serial_park_tiny_1, uniq_edmund
D:5:      layout_cave_pools, grunt_temple_overflow_diamond
D:6:      layout_layer_cave
D:7:      layout_loops_corners, grunt_dithmenos_smoke_and_mirrors, led_xom_imps,
          grunt_gozag_breadcrumbs, enter_bailey_4,
          nicolae_shop_sticking_my_neck_out
D:8:      layout_loops_ring, mainiacjoe_overflow_surrounded_room, serial_rivers,
          chequers_serial_rivers_small_b, chequers_serial_rivers_marsh,
          chequers_serial_rivers_micro_a, chequers_serial_rivers_room_a,
          chequers_serial_rivers_micro_b, chequers_serial_rivers_large_b,
          gammafunk_ghost_arena
D:9:      layout_irregular_city, nemelex_altar_shiori,
          mainiacjoe_overflow_chevrons
D:10:     gammafunk_boulding_lane, layout_basic, uniq_maurice, uniq_harold
D:11:     layout_cave_pools, david_orc_2
D:13:     layout_loops_ring
D:14:     layout_rooms, david_vaults_4, serial_bayou_ford_a,
          kennysheep_pointless_box, tgw_trog, uniq_agnes

Skill      XL: |  1  2  3  4  5  6  7  8  9 10 11 12 |
---------------+-------------------------------------+-----
Axes           | 3 4 5 6 7 9 11 13 14 15 | 15.2
Fighting       | 4 5 6 8 9 10 | 10.5
Shields        | 4 5 6 7 8 9 |  9.2
Armour         | 4 5 6 7 8 9 |  9.7
Invocations    | 1 2 4 6 7 9 |  9.7

Action                   |  1- 3 |  4- 6 |  7- 9 | 10-12 || total
-------------------------+-------+-------+-------+-------++-------
Melee: War axe           |   103 |   128 |   241 |   451 ||   923
Throw: Dart              |       |       |       |     1 ||     1
Invok: Cleansing Flame   |       |       |       |     4 ||     4
       Divine Shield     |       |       |       |     6 ||     6
Evoke: Wand              |       |       |       |     9 ||     9
  Use: Scroll            |     2 |     2 |     7 |     5 ||    16
       Potion            |       |     2 |       |     3 ||     5
 Stab: Paralysed         |       |     3 |       |       ||     3
Armor: Scale mail        |    41 |    67 |   114 |    40 ||   262
       Plate armour      |       |       |       |   139 ||   139
Dodge: Dodged            |    48 |    69 |   121 |   114 ||   352
Block: Buckler           |    22 |    35 |    70 |   142 ||   269

Table legend: (Time is in decaauts)
 A = Elapsed time spent in this place.
 B = Non-inter-level travel time spent in this place.
 C = Inter-level travel time spent in this place.
 D = Time resting spent in this place.
 E = Time spent auto-exploring this place.
 F = Levels seen in this place.
 G = Mean time per level.
                   A        B        C        D        E       F      G
               +--------+--------+--------+--------+--------+-----+--------+
         Total |   9601 |   9339 |    262 |    453 |   6913 |  13 |  738.5 |
       Dungeon |   9601 |   9339 |    262 |    453 |   6913 |  13 |  738.5 |
               +--------+--------+--------+--------+--------+-----+--------+

Top non-repeatable levels by time:
     D:1: 1274 daAuts
     D:8: 1180 daAuts
     D:4: 1057 daAuts
     D:7: 982 daAuts
     D:2: 793 daAuts
     D:6: 730 daAuts
    D:10: 683 daAuts
     D:3: 681 daAuts
     D:9: 648 daAuts
     D:5: 579 daAuts
    D:14: 447 daAuts
    D:11: 283 daAuts
    D:13: 259 daAuts
